 Dungeon Crawl Stone Soup version 0.29-a0-243-g602b31c20e (webtiles) character file.

Game seed: 8150790005166853468

29840 gruber the Marksminotaur (level 13, 0/118 HPs)
             Began as a Minotaur Hunter on Mar 5, 2022.
             Was a High Priest of Fedhas.
             Slain by a cane toad (17 damage)
             ... on level 4 of the Lair of Beasts.
             The game lasted 00:21:31 (13370 turns).

gruber the Marksminotaur (Minotaur Hunter)         Turns: 13370, Time: 00:21:32

Health: 0/118      AC: 10    Str: 20    XL:     13   Next: 17%
Magic:  15/15      EV: 18    Int:  8    God:    Fedhas [*****.]
Gold:   734        SH:  0    Dex: 16    Spells: 13/16 levels left

rFire   + + .      SeeInvis .   b - +10 longbow of Wiyn {flame, Str+3}
rCold   + . .      Faith    .   (shield currently unavailable)
rNeg    . . .      Spirit   .   G - +3 leather armour {rF+}
rPois   .          Reflect  .   (helmet restricted)
rElec   .          Harm     .   a - +1 cloak {Will+}
rCorr   .          Rampage  .   (no gloves)
Will    +....                   y - +0 pair of boots
Stlth   +.........              h - amulet of regeneration
HPRegen 1.09/turn               O - ring of protection from fire
MPRegen 0.14/turn               M - ring of protection from cold

@: lethally poisoned (0 -> -7)
A: horns 2, retaliatory headbutt
a: Renounce Religion, Wall of Briars, Grow Ballistomycete, Overgrow, Grow Oklob


You were on level 4 of the Lair of Beasts.
You worshipped Fedhas.
Fedhas was extremely pleased with you.
You visited 3 branches of the dungeon, and saw 17 of its levels.

You collected 924 gold pieces.
You spent 190 gold pieces at shops.

Inventory:

Hand Weapons
 b - the +10 longbow of Wiyn (weapon) {flame, Str+3}
   (You bought it in a shop on level 4 of the Dungeon)

   Any ammunition fired from it burns those it strikes, dealing additional fire
   damage.
   Str:       It affects your strength (+3).
 f - a +2 dagger of holy wrath
 m - a +2 dagger of electrocution
 u - a +2 short sword of venom
 F - a +2 rapier of protection
 I - a +4 falchion
 N - the +7 staff of the Meek {protect, meekguard}
   (You found it on level 10 of the Dungeon)

   It grants its wielder temporary protection when it strikes (+7 to AC).
   It provides extra protection to wielders with little health.
Missiles
 g - 63 poisoned darts
 B - 2 throwing nets
 L - 5 curare-tipped darts
Armour
 a - a +1 cloak of willpower (worn)
 y - a +0 pair of boots (worn)
 G - a +3 leather armour of fire resistance (worn)
Jewellery
 h - an amulet of regeneration (around neck)
 E - a ring of magical power
 M - a ring of protection from cold (right hand)
 O - a ring of protection from fire (left hand)
 R - a ring of ice
Wands
 l - a wand of iceblast (26)
 x - a wand of charming (8)
 z - a wand of polymorph (8)
 V - a wand of mindburst (5)
 X - a wand of digging (8)
Scrolls
 c - 8 scrolls of teleportation {unknown}
 d - 3 scrolls of fog {unknown}
 e - 4 scrolls of magic mapping {unknown}
 i - 6 scrolls of enchant armour {unknown}
 p - a scroll of fear {unknown}
 q - 11 scrolls of identify {unknown}
 r - a scroll of noise {unknown}
 s - a scroll of blinking {unknown}
 A - 3 scrolls of vulnerability {unknown}
 C - 6 scrolls of immolation {unknown}
 D - 4 scrolls of torment {unknown}
 P - a scroll of holy word {unknown}
 Q - a scroll of brand weapon {unknown}
 S - 2 scrolls of amnesia {unknown}
 U - a scroll of silence {unknown}
Potions
 j - 3 potions of haste {unknown}
 k - 10 potions of curing
 n - 4 potions of flight {unknown}
 o - 2 potions of cancellation {unknown}
 t - a potion of invisibility {unknown}
 v - 2 potions of brilliance {unknown}
 w - 3 potions of lignification {unknown}
 H - 3 potions of might
 K - 2 potions of attraction {unknown}
 T - a potion of magic {unknown}
 W - 3 potions of ambrosia {unknown}
 Y - 2 potions of mutation {unknown}
 Z - a potion of berserk rage


   Skills:
 - Level 12.1 Fighting
 - Level 16.1 Bows
 - Level 7.0 Armour
 - Level 12.1 Dodging
 - Level 0.7 Stealth
 - Level 2.0 Spellcasting
 - Level 3.0 Hexes
 - Level 3.2 Translocations
 * Level 1.5 Invocations


You had 13 spell levels left.
You knew the following spells:

 Your Spells              Type           Power      Damage    Failure   Level
a - Portal Projectile     Hex/Tloc       10%        N/A       32%         3

Your spell library contained the following spells:

 Spells                   Type           Power      Damage    Failure   Level
 Apportation              Tloc           12%        N/A       11%         1
 Magic Dart               Conj           0%         1d3       38%         1
 Pain                     Necr           0%         1d4       38%         1
 Sandblast                Erth           0%         2d4       38%         1
 Sting                    Tmut/Pois      0%         1d3       38%         1
 Passwall                 Tmut/Erth      0%         N/A       52%         2
 Poisonous Vapours        Pois/Air       0%         N/A       52%         2
 Scorch                   Fire           0%         2d5       52%         2
 Searing Ray              Conj           0%         2d4       52%         2
 Inner Flame              Hex/Fire       3%         N/A       54%         3
 Cause Fear               Hex            2%         N/A       75%         4
 Conjure Flame            Conj/Fire      0%         6-21      77%         3
 Ignite Poison            Fire/Tmut/Pois 0%         N/A       77%         3
 Ozocubu's Armour         Ice            0%         N/A       77%         3
 Stone Arrow              Conj/Erth      0%         3d7       77%         3
 Fulminant Prism          Conj/Hex       1%         3d6       91%         4
 Flame Wave               Conj/Fire      0%         2d4       99%         4
 Olgreb's Toxic Radiance  Pois           0%         N/A       99%         4
 Sticky Flame             Conj/Fire      0%         2d3       99%         4
 Blade Hands              Tmut           0%         N/A       100%        5
 Excruciating Wounds      Necr           0%         N/A       100%        5
 Summon Cactus Giant      Summ           0%         N/A       100%        6
 Ozocubu's Refrigeration  Ice            0%         4d5       100%        7
 Discord                  Hex            2%         N/A       100%        8


Dungeon Overview and Level Annotations

Branches:
Dungeon (12/15)            Temple (1/1) D:7            Lair (4/6) D:11
  Swamp (0/4) Lair:2        Snake (0/4) Lair:2          Orc (0/2) D:9

Altars:
Ashenzari
Cheibriados
Dithmenos
Elyvilon
Fedhas
Gozag
Hepliaklqana
Kikubaaqudgha
Makhleb
Nemelex Xobeh
Okawaru
Qazlal
Ru
Sif Muna
Trog
Uskayaw
Vehumet
Wu Jian
Xom
Yredelemnul
Zin
The Shining One
Lugonu

Shops:
D:3 (   D:4 (   D:5 (   D:6 !

Portals:
Abyss: Lair:3

Annotations:
D:5 2 runed translucent doors, blah's ghost, amateur DsHu
D:9 2 transporters, Gildeon's ghost, novice MiFi
D:12 Jorgrun


Innate Abilities, Weirdness & Mutations

You have a pair of horns on your head.
You reflexively headbutt those who attack you in melee.


Message History

The cane toad poisons you!
Unknown command.
Shoot: b) +10 longbow of Wiyn {flame, Str+3}
Press: ? - help, Q - select action, (/) - cycle Shift-Dir - straight line, f/p - fire crab
Aim: a fire crab (almost dead, 85% to hit)
You shoot an arrow. The arrow barely misses the fire crab.
You feel very sick. The cane toad closely misses you. The cane toad stings you!
* * * LOW HITPOINT WARNING * * *
You are lethally poisoned!
The cane toad poisons you! The fire crab barely misses you.
You furiously retaliate!
You headbutt the fire crab!
You kill the fire crab!
Fedhas appreciates your contribution to the ecosystem.
The cane toad stings you but does no damage.
Your Invocations skill increases to level 1!
Unknown command.
Unknown command.
You feel much better.
You feel very sick. The cane toad stings you!
* * * LOW HITPOINT WARNING * * *
The cane toad closely misses you. The cane toad stings you.
* * * LOW HITPOINT WARNING * * *
Unknown command.
Unknown command.
Unknown command.
Shoot: b) +10 longbow of Wiyn {flame, Str+3}
Press: ? - help, Q - select action, (/) - cycle Shift-Dir - straight line, f - cane toad
Aim: a cane toad (79% to hit)
You shoot an arrow. The arrow hits the cane toad!!
The arrow burns the cane toad.
The cane toad is severely wounded.
You feel very sick. The cane toad barely misses you. You furiously retaliate!
You headbutt the cane toad! The cane toad barely misses you.
The cane toad closely misses you. The cane toad misses you.
The cane toad stings you!
You die...
Fedhas appreciates your contribution to the ecosystem.

.............
............
...........
P.........#
#.........
.....P.P.#
#...F.##
#.F@..#
#......F†.P#
##........##
#........#
#..####..##
## ####


You could see 3 cane toads.

Vanquished Creatures
  Fannar (D:11)
  A boulder beetle (D:11)
  Harold (Lair:1)
  A centaur warrior (D:12)
  A hydra (Lair:1)
  2 death knights
  4 death yaks (Lair:3)
  2 two-headed ogres
  Urug (Lair:1)
  Sonja (D:12)
  Amaemon (D:12)
  Nergalle (D:12)
  2 fire crabs
  A phantasmal warrior (D:12)
  A deep elf pyromancer (D:9)
  A cyclops (D:9)
  Joseph (D:7)
  A black mamba (Lair:1)
  An orange demon (D:12)
  Maggie (D:6)
  3 kobold demonologists (D:11)
  An unseen horror (D:11)
  A cane toad (Lair:1)
  3 komodo dragons
  3 trolls
  Grinder (D:4)
  A slime creature (D:9)
  28 yaks
  A shadow (D:9)
  3 wraiths
  Eustachio (D:4)
  3 basilisks
  Grum (D:9)
  4 vampire mosquitoes
  6 nagas (Lair:2)
  An acid dragon (D:8)
  10 water moccasins
  12 orc warriors
  A sky beast (D:5)
  2 ice beasts (D:6)
  8 centaurs
  4 ogres
  5 wolves
  5 kobold brigands
  7 bullfrogs
  2 necrophages
  2 gnoll sergeants
  2 scorpions
  8 wights
  6 killer bees
  2 electric eels (D:12)
  3 howler monkeys (D:9)
  6 hounds
  9 orc priests
  Crazy Yiuf (D:4)
  2 gnoll shamans
  3 iguanas
  15 orc wizards
  A centaur simulacrum (D:9)
  17 gnolls
  An adder (D:5)
  A shadow imp (D:5)
  2 white imps
  5 worms
  2 dart slugs
  46 orcs
  4 bats (D:2)
  4 endoplasms
  2 giant cockroaches
  12 goblins
  6 hobgoblins
  7 jackals (D:3)
  20 kobolds
  5 quokkas
  2 ball pythons
  5 frilled lizards
  7 rats
  A lurking horror (Lair:3)
352 creatures vanquished.

Vanquished Creatures (others)
  An orc priest (D:6)
  6 fungi
  16 plants
23 creatures vanquished.

Grand Total: 375 creatures vanquished

Notes
Turn   | Place    | Note
-------+----------+-------------------------------------------
     0 | D:1      | gruber the Minotaur Hunter began the quest for the Orb.
     0 | D:1      | Reached XP level 1. HP: 18/18 MP: 0/0
   343 | D:1      | Reached XP level 2. HP: 25/25 MP: 1/1
   802 | D:1      | Reached skill level 5 in Bows
   803 | D:1      | Found a faded altar of an unknown god.
  1571 | D:2      | Reached XP level 3. HP: 30/30 MP: 2/2
  2010 | D:3      | Reached skill level 6 in Bows
  2050 | D:3      | Found Xiaropiusa's Weapon Shop.
  2190 | D:3      | Noticed a water moccasin
  2196 | D:3      | Killed a water moccasin
  2197 | D:3      | Reached skill level 7 in Bows
  2197 | D:3      | Reached XP level 4. HP: 16/37 MP: 3/3
  2197 | D:3      | Reached XP level 5. HP: 18/42 MP: 4/4
  3092 | D:4      | Noticed Grinder
  3097 | D:4      | Paralysed by Grinder for 3 turns
  3104 | D:4      | Paralysed by Grinder for 6 turns
  3112 | D:4      | Killed Grinder
  3113 | D:4      | Reached skill level 8 in Bows
  3113 | D:4      | Reached XP level 6. HP: 50/50 MP: 5/5
  3120 | D:4      | Noticed Eustachio
  3310 | D:4      | Reached skill level 9 in Bows
  3428 | D:4      | Reached XP level 7. HP: 57/57 MP: 6/6
  3491 | D:4      | Found Geos's Antique Weapon Emporium.
  3508 | D:5      | Entered Level 5 of the Dungeon
  3536 | D:5      | Reached skill level 5 in Fighting
  3830 | D:5      | Found a runed translucent door.
  3833 | D:5      | Noticed blah's ghost (amateur DsHu)
  3854 | D:5      | Found a runed translucent door.
  3974 | D:5      | Found Xops's Weapon Shop.
  4086 | D:5      | Reached XP level 8. HP: 74/74 MP: 7/7
  4164 | D:5      | Got Qoushrif's Introduction to Witchery
  4559 | D:4      | Found a runed translucent door.
  4560 | D:4      | Noticed Crazy Yiuf
  4696 | D:4      | Killed Eustachio
  4914 | D:6      | Reached skill level 5 in Dodging
  5333 | D:6      | Found an ornate altar of the Wu Jian Council.
  5333 | D:6      | Found a sparkling altar of Nemelex Xobeh.
  5368 | D:6      | Noticed Maggie
  5377 | D:6      | Killed Maggie
  5378 | D:6      | Reached XP level 9. HP: 65/83 MP: 8/8
  5521 | D:6      | Found Cumunuor's Distillery.
  5737 | D:4      | Bought a bone longbow for 190 gold pieces
  5737 | D:4      | Identified the +10 longbow of Wiyn {flame, Str+3} (You
                  | bought it in a shop on level 4 of the Dungeon)
  5785 | D:4      | Killed Crazy Yiuf
  6403 | D:7      | Reached skill level 10 in Bows
  6448 | D:7      | Found a staircase to the Ecumenical Temple.
  6507 | Temple   | Entered the Ecumenical Temple
  6633 | Temple   | Became a worshipper of Fedhas Madash
  6789 | D:7      | Noticed Joseph
  6801 | D:7      | Killed Joseph
  6802 | D:7      | Reached skill level 11 in Bows
  7525 | D:8      | Reached * piety under Fedhas
  7526 | D:8      | Reached skill level 12 in Bows
  7752 | D:8      | Reached XP level 10. HP: 91/91 MP: 9/9
  8070 | D:9      | Noticed Grum
  8072 | D:9      | Noticed Gildeon's ghost (novice MiFi)
  8121 | D:9      | Killed Grum
  8122 | D:9      | Reached skill level 13 in Bows
  8124 | D:9      | Found a transporter.
  8129 | D:9      | Found a transporter.
  8230 | D:9      | Reached ** piety under Fedhas
  8295 | D:9      | Noticed a two-headed ogre
  8307 | D:9      | Reached skill level 14 in Bows
  8314 | D:9      | Noticed a deep elf pyromancer
  8327 | D:9      | Killed a two-headed ogre
  8328 | D:9      | Killed a deep elf pyromancer
  8329 | D:9      | Reached skill level 15 in Bows
  8476 | D:9      | Noticed a death knight
  8486 | D:9      | Killed a death knight
  8541 | D:9      | Reached *** piety under Fedhas
  8554 | D:9      | Learned a level 3 spell: Portal Projectile
  8577 | D:9      | Reached XP level 11. HP: 97/97 MP: 10/10
  8644 | D:9      | Found a staircase to the Orcish Mines.
  8731 | D:9      | Reached skill level 16 in Bows
  8974 | D:10     | Entered Level 10 of the Dungeon
  9030 | D:10     | Found the +7 staff of the Meek {protect, meekguard}
  9088 | D:10     | Found a basalt altar of Yredelemnul.
  9090 | D:10     | Noticed a profane servitor
  9099 | D:10     | Found a glowing golden altar of the Shining One.
  9281 | D:10     | Reached skill level 1 in Translocations
  9438 | D:10     | Noticed an angel
  9503 | D:11     | Reached skill level 1 in Spellcasting
  9503 | D:11     | Reached skill level 1 in Hexes
  9742 | D:11     | Found a staircase to the Lair.
  9758 | D:11     | Noticed Fannar
  9766 | D:11     | Killed Fannar
  9766 | D:11     | Reached **** piety under Fedhas
  9801 | D:11     | Noticed an oklob plant
  9825 | D:11     | Noticed a boulder beetle
  9834 | D:11     | Killed a boulder beetle
  9868 | D:11     | Noticed a two-headed ogre
  9873 | D:11     | Killed a two-headed ogre
  9966 | D:11     | Reached skill level 1 in Armour
 10577 | D:12     | Noticed Sonja
 10588 | D:12     | Killed Sonja
 10589 | D:12     | Reached skill level 5 in Armour
 10626 | D:12     | Noticed a centaur warrior
 10630 | D:12     | Killed a centaur warrior
 10668 | D:12     | Noticed Amaemon
 10677 | D:12     | Killed Amaemon
 10678 | D:12     | Reached XP level 12. HP: 104/104 MP: 14/14
 10746 | D:12     | Noticed a death knight
 10752 | D:12     | Reached ***** piety under Fedhas
 10763 | D:12     | Killed a death knight
 10836 | D:12     | Noticed Nergalle
 10843 | D:12     | Noticed Jorgrun
 10847 | D:12     | Killed Nergalle
 10906 | Lair:1   | Entered Level 1 of the Lair of Beasts
 10915 | Lair:1   | Reached skill level 10 in Dodging
 10971 | Lair:1   | Noticed Urug
 10977 | Lair:1   | Killed Urug
 11173 | Lair:1   | Noticed a four-headed hydra
 11177 | Lair:1   | Killed a four-headed hydra
 11178 | Lair:1   | Noticed Harold
 11196 | Lair:1   | Killed Harold
 11786 | Lair:2   | Found a staircase to the Swamp.
 12048 | Lair:2   | Reached skill level 10 in Fighting
 12048 | Lair:2   | Found a staircase to the Snake Pit.
 12610 | Lair:3   | Found a corrupted altar of Lugonu.
 12614 | Lair:3   | Found a one-way gate to the infinite horrors of the Abyss.
 12715 | Lair:3   | Noticed a death yak
 12716 | Lair:3   | Noticed a death yak
 12716 | Lair:3   | Noticed a death yak
 12717 | Lair:3   | Noticed a death yak
 12815 | Lair:3   | Killed a death yak
 12816 | Lair:3   | Reached XP level 13. HP: 110/116 MP: 15/15
 13077 | Lair:3   | Found a runed translucent door.
 13341 | Lair:3   | Noticed an entropy weaver
 13369 | Lair:4   | Reached skill level 1 in Invocations
 13370 | Lair:4   | Slain by a cane toad

Illustrated notes

Levels and vault maps discovered:
D:1:      ebering_trefoil_twist, layout_basic, basic_ecumenical_altar,
          hangedman_glass_teeth
D:2:      kennysheep_big_flooded_room, layout_rooms, serial_curves,
          eino_curves_03, eino_curves_04, serial_bayou_pond_c,
          kennysheep_cluttered_room, nicolae_concentric_dashed_squares_wild,
          minmay_randomly_rotated_circles
D:3:      layout_loops_cross, serial_shops, nicolae_shop_crystal, st_stairs_8
D:4:      layout_cave_pools, serial_shops, kennysheep_mini, uniq_eustachio,
          uniq_grinder, uniq_crazy_yiuf_cottage
D:5:      layout_gridville, serial_shops, shop, ebering_ghost_sewer_f
D:6:      layout_loops_corners, gammafunk_temple_overflow_elements,
          serial_shops, kennysheep_mini_moat, gup_sewer_entry_bowl,
          lemuel_old_faithful, uniq_maggie
D:7:      layout_loops_cross, minmay_temple_entry_junction_2, enter_bailey_5,
          nicolae_underground_beach, uniq_joseph
D:8:      layout_gridville
D:9:      layout_cave_pools, david_orc_4, gammafunk_ghost_stat_death,
          minmay_shattered_shrine, uniq_grum
D:10:     layout_basic, grunt_temple_overflow_holy_war, st_stairs_12
D:11:     layout_roguey, dpeg_oklobed_lair, kennysheep_doodads, uniq_fannar
D:12:     layout_basic, uniq_sonja, uniq_jorgrun, uniq_amaemon, uniq_nergalle
Temple:   regret_index_temple_mists
Lair:1:   layout_regular_city, lemuel_fruit_tree, uniq_harold, uniq_urug
Lair:2:   layout_regular_city, minmay_swamp_entry_reptiles,
          minmay_snake_entry_guardpost_medium
Lair:3:   gammafunk_mikee_crab_dinner, layout_hall_layers,
          amcnicky_altar_lugonu_corruption
Lair:4:   layout_misc_corridors, dpeg_oklob_1

Skill      XL: |  1  2  3  4  5  6  7  8  9 10 11 12 13 |
---------------+----------------------------------------+-----
Bows           | 5 7 8 9 12 15 16 | 16.1
Fighting       | 3 7 9 11 12 | 12.1
Dodging        | 7 12 | 12.1
Translocations | 3 |  3.2
Spellcasting   | 2 |  2.0
Hexes          | 3 |  3.0
Armour         | 7 |  7.0
Invocations    | 1 |  1.5
Stealth        | |  0.7

Action                   |  1- 3 |  4- 6 |  7- 9 | 10-12 | 13-15 || total
-------------------------+-------+-------+-------+-------+-------++-------
Melee: Short sword       |       |     7 |    33 |       |       ||    40
       Headbutt          |       |     1 |    11 |       |       ||    12
       Dagger            |       |       |     6 |       |       ||     6
       Punch             |       |       |     1 |       |       ||     1
 Fire: Shortbow          |   150 |   102 |   175 |       |       ||   427
       Longbow           |       |       |   113 |   588 |    28 ||   729
 Cast: Portal Projectile |       |       |       |     1 |       ||     1
Invok: Wall of Briars    |       |       |       |     1 |       ||     1
Evoke: Wand              |       |       |     5 |       |       ||     5
  Use: Potion            |       |       |       |       |     1 ||     1
Armor: Leather armour    |    22 |    12 |    31 |    42 |     9 ||   116
Dodge: Dodged            |    34 |    28 |   111 |   206 |    24 ||   403

Table legend: (Time is in decaauts)
 A = Elapsed time spent in this place.
 B = Non-inter-level travel time spent in this place.
 C = Inter-level travel time spent in this place.
 D = Time resting spent in this place.
 E = Time spent auto-exploring this place.
 F = Levels seen in this place.
 G = Mean time per level.
                   A        B        C        D        E       F      G
               +--------+--------+--------+--------+--------+-----+--------+
         Total |  13566 |  12494 |   1072 |     81 |   9969 |  17 |  798.0 |
       Dungeon |  10899 |   9936 |    963 |     81 |   7824 |  12 |  908.2 |
        Temple |    190 |    144 |     46 |      0 |    122 |   1 |  190.0 |
          Lair |   2475 |   2412 |     63 |      0 |   2023 |   4 |  618.8 |
               +--------+--------+--------+--------+--------+-----+--------+

Top non-repeatable levels by time:
     D:2: 1261 daAuts
     D:6: 1113 daAuts
     D:4: 1043 daAuts
     D:3: 1019 daAuts
     D:5: 1014 daAuts
    D:11: 953 daAuts
     D:1: 912 daAuts
  Lair:3: 910 daAuts
     D:7: 879 daAuts
     D:9: 878 daAuts
     D:8: 838 daAuts
  Lair:2: 810 daAuts
  Lair:1: 745 daAuts
    D:10: 493 daAuts
    D:12: 490 daAuts
